 Dungeon Crawl Stone Soup version 0.29.1-13-g9f3cf754e1 (webtiles) character file.

Game seed: 13195560889367464859

47502 croobank the Covert (level 14, -9/99 HPs)
             Began as an Octopode Conjurer on Jan 26, 2023.
             Was an Initiate of Gozag.
             Mangled by a sea snake (21 damage)
             ... on level 5 of the Lair of Beasts on Jan 27, 2023.
             The game lasted 01:38:02 (18020 turns).

croobank the Covert (Octopode Conjurer)            Turns: 18020, Time: 01:38:03

Health: -9/99      AC:  3    Str: 12    XL:     14   Next: 42%
Magic:  18/27      EV: 23    Int: 25    God:    Gozag
Gold:   2849       SH:  0    Dex: 17    Spells: 15/32 levels left

rFire   . . .      SeeInvis .   G - +1 trident (protect)
rCold   . . .      Faith    .   (no shield)
rNeg    + . .      Spirit   .   v - +2 hat
rPois   .          Reflect  .   m - amulet of Vitality {RegenMP++ Regen++}
rElec   .          Harm     .   o - +6 ring of strength
rCorr   +          Rampage  .   q - ring of willpower
Will    ++...                   C - +6 ring of dexterity
Stlth   +++++++...              D - +4 ring of evasion
HPRegen 1.86/turn               y - ring of resist corrosion
MPRegen 1.00/turn               h - ring of positive energy
                                (no ring)
                                (no ring)

@: lethally poisoned (-9 -> -10), frozen, gold aura, studying Polearms, very
slow
A: almost no armour, amphibious, 8 rings, camouflage 1, gelatinous body 1,
(nimble swimmer 1), tentacles
a: Renounce Religion, Potion Petition, Call Merchant, Bribe Branch


You were on level 5 of the Lair of Beasts.
You worshipped Gozag.
Gozag was most pleased with you.
You visited 3 branches of the dungeon, and saw 17 of its levels.
You also visited: Sewer and Gauntlet.

You collected 3620 gold pieces.
You spent 276 gold pieces at shops.
You paid 495 gold pieces to Gozag.

Inventory:

Hand Weapons
 c - a +3 dagger
 j - a +4 short sword
 w - a +0 arbalest
 G - a +1 trident of protection (weapon)
 J - a +4 dire flail
 P - a +1 scimitar of flaming
Missiles
 k - 39 poisoned darts
 n - 3 javelins (quivered)
Armour
 v - a +2 hat (worn)
 K - the +3 hat of Pondering {ponderous, Will+ MP+10 Int+5}
   (You took it off Gastronok on level 10 of the Dungeon)

   Int:       It affects your intelligence (+5).
   MP:        It affects your magic capacity (+10).
   Will:      It increases your willpower.
Jewellery
 h - a ring of positive energy (on tentacle)
 m - the amulet of Vitality (around mantle) {RegenMP++ Regen++}
   (You acquired it on level 4 of the Dungeon)

   [amulet of magic regeneration]

   It increases your rate of magic regeneration.
   Regen:     It increases your rate of health regeneration.
 o - a +6 ring of strength (left tentacle)
 q - a ring of willpower (right tentacle)
 y - a ring of resist corrosion (on tentacle)
 C - a +6 ring of dexterity (on tentacle)
 D - a +4 ring of evasion (on tentacle)
 R - an amulet of the acrobat
Wands
 A - a wand of light (8)
 H - a wand of paralysis (7)
 L - a wand of roots (2)
 M - a wand of digging (4)
 O - a wand of polymorph (4)
Scrolls
 b - 2 scrolls of blinking
 d - 2 scrolls of amnesia
 e - 2 scrolls of brand weapon
 f - 2 scrolls of poison
 l - 5 scrolls of immolation
 r - a scroll of teleportation
 u - a scroll of identify
 z - 5 scrolls of vulnerability
 E - 6 scrolls of enchant armour
 F - a scroll of torment
Potions
 a - 3 potions of magic
 g - 4 potions of curing
 i - 2 potions of heal wounds
 p - 2 potions of ambrosia
 s - a potion of attraction
 t - 2 potions of might
 x - 2 potions of lignification
 B - 3 potions of resistance
 I - a potion of berserk rage
 Q - a potion of brilliance
 S - a potion of mutation
 T - a potion of cancellation


   Skills:
 * Level 10.2 Fighting
 + Level 9.4 Polearms
 * Level 10.5 Dodging
 * Level 14.6 Stealth
 * Level 9.6 Spellcasting
 * Level 11.1 Conjurations
 - Level 5.0 Hexes
 + Level 6.3 Translocations


You had 15 spell levels left.
You knew the following spells:

 Your Spells              Type           Power      Damage    Failure   Level
a - Magic Dart            Conj           100%       1d8       1%          1
b - Searing Ray           Conj           100%       2d8       1%          2
c - Dazzling Flash        Conj/Hex       100%       N/A       1%          3
d - Fulminant Prism       Conj/Hex       25%        3d14      1%          4
e - Iskenderun's Mystic   Conj/Tloc      54%        2d12      1%          4
f - Tukima's Dance        Hex            37%        N/A       1%          3

Your spell library contained the following spells:

 Spells                   Type           Power      Damage    Failure   Level
 Gell's Gravitas          Tloc           43%        N/A       1%          3
 Lesser Beckoning         Tloc           43%        N/A       1%          3
 Portal Projectile        Hex/Tloc       80%        N/A       1%          3
 Stone Arrow              Conj/Erth      80%        3d12      1%          3
 Teleport Other           Tloc           43%        N/A       1%          3
 Ensorcelled Hibernation  Hex/Ice        48%        N/A       2%          2
 Flame Wave               Conj/Fire      40%        2d11      4%          4
 Sandblast                Erth           24%        2d8       5%          1
 Passwall                 Tmut/Erth      10%        N/A       8%          2
 Scorch                   Fire           24%        2d6       8%          2
 Sublimation of Blood     Necr           12%        N/A       8%          2
 Wereblood                Tmut           12%        N/A       8%          2
 Swiftness                Air            12%        N/A       16%         3
 Blade Hands              Tmut           6%         N/A       82%         5
 Summon Cactus Giant      Summ           6%         N/A       100%        6
 Summon Hydra             Summ           6%         N/A       100%        7


Dungeon Overview and Level Annotations

Branches:
Dungeon (11/15)            Temple (1/1) D:6            Lair (5/5) D:9
 Shoals (0/4) Lair:3        Snake (0/4) Lair:2        Sewer (visited)
Gauntlet (visited)
  Slime: Lair:4-5       Orc: D:9-12

Altars:
Ashenzari
Cheibriados
Dithmenos
Elyvilon
Fedhas
Gozag
Hepliaklqana
Kikubaaqudgha
Makhleb
Nemelex Xobeh
Okawaru
Qazlal
Ru
Sif Muna
Uskayaw
Vehumet
Wu Jian
Xom
Yredelemnul
The Shining One

Shops:
D:5 (   D:7 *   D:11 =

Annotations:
D:3 2 runed translucent doors
D:7 2 runed translucent doors, Crazy Yiuf; booth's ghost, novice DsEn
Lair:2 1 runed translucent door, Visas's ghost, journeyman VSFi


Innate Abilities, Weirdness & Mutations

You cannot wear most types of armour.
You are amphibious.
You can wear up to eight rings at the same time.
Your skin changes colour to match your surroundings (Stealth+).
Your rubbery body absorbs attacks. (AC +1, EV +1)
((You are camouflaged when in or above water. (Stealth+)))
You have tentacles for arms and can constrict up to eight enemies at once.


Message History

Casting: Iskenderun's Mystic Blast (mildly dangerous; 1% risk of failure)
Confirm with . or Enter, or press ? or * to list all spells.
You erupt in a blast of force!
The mystic blast hits the blink frog.
The blink frog is heavily wounded.
The blink frog is knocked back by the mystic blast.
You feel sick.
You hear a loud, deep croak!
You hear an angry hiss.
You hear a trumpeting! x2
You hear an angry hiss. x2
You feel sick.
A steam dragon, a sea snake, a rime drake and a cane toad come into view.
You feel sick.
The blink frog blinks!
The rime drake breathes ice at you. The flash freeze hits you!
You are encased in ice.
A rime drake comes into view.
The rime drake moves out of view.
You feel sick.
You are no longer poisoned.
The blink frog hits you!
* * * LOW HITPOINT WARNING * * *
The blink frog blinks!
The cane toad completely misses you. The steam dragon breathes steam at you.
The ball of steam hits you!
* * * LOW HITPOINT WARNING * * *
You hear an angry hiss. x3
The cane toad attacks as you move away! The cane toad stings you.
* * * LOW HITPOINT WARNING * * *
You are poisoned.
The cane toad poisons you!
You feel very sick.
The sea snake is engulfed in a cloud of scalding steam.
The cane toad completely misses you. The cane toad attacks as you move away!
The cane toad barely misses you.
You feel very sick.
The sea snake is engulfed in a cloud of scalding steam.
The blink frog is distracted by your dazzling golden aura.
The sea snake is engulfed in a cloud of scalding steam.
The sea snake bites you!!
You die...
Your body crumbles into a pile of gold.

≈##.#.#.. #.#..≈........
.#.......≈≈......
.......~≈......##
...#...≈#..#...# ##.##...≈...#..#
## #..#P.#≈≈≈..##<##
###.###.....§§.....#..# ##.
#.....#......§.#@.F...#..P. #
...........§§§.SF.<...........# #
......#....#.#§k.....#P.##......#
...?........##...##..##.# .....
~~.)........#...§##....## #...
.........##.##..§#.....# ..#.
..P##..$....#....~..~..~ ~..~~ ~.
#..$....##kD##~~##~~# .#~~~ .
##.....#.##~##~~# ~.# ~~~~~


You could see a sea snake, a cane toad, a blink frog (unaware) and 2 rime
drakes.

Vanquished Creatures
  Kirke (Lair:4)
  Gastronok (D:10)
  Josephine (D:10)
  5 hydras
  Erica (Lair:1)
  A catoblepas (Lair:1)
  2 two-headed ogres (D:10)
  11 death yaks
  Nergalle (Lair:1)
  A sea snake (Lair:5)
  A cyclops (D:6)
  9 elephants
  2 gargoyles (D:10)
  8 black mambas
  Joseph (D:8)
  7 cane toads
  7 komodo dragons
  Psyche (D:11)
  A kobold demonologist (D:9)
  2 rime drakes
  2 polar bears
  12 blink frogs
  5 dream sheep
  A snapping turtle (Lair:3)
  5 wraiths (D:9)
  25 yaks
  Grum (D:8)
  3 basilisks
  5 hogs (Lair:4)
  A human (Lair:4)
  A vampire (D:9)
  3 steam dragons
  4 vampire mosquitoes
  An acid dragon (D:9)
  16 water moccasins
  An ice beast (D:6)
  3 orc warriors
  A sky beast (D:8)
  Pargi (Sewer)
  5 black bears
  2 centaurs
  47 wolves
  2 ogres
  4 kobold brigands
  3 phantoms
  7 bullfrogs
  A gnoll sergeant (D:10)
  3 necrophages
  6 wights (D:9)
  3 killer bees (D:7)
  6 electric eels
  4 jellies
  3 orc priests (D:6)
  A gnoll bouda (D:6)
  3 hounds
  A hell rat (D:9)
  An iguana (D:5)
  12 orc wizards
  17 gnolls
  5 adders
  A river rat (D:9)
  A shadow imp (D:7)
  A white imp (D:7)
  6 worms
  2 dart slugs
  21 orcs
  10 ball pythons
  8 endoplasms
  2 giant cockroaches
  5 goblins
  6 hobgoblins
  3 jackals (D:3)
  3 quokkas
  6 bats
  6 frilled lizards
  21 kobolds
  8 rats
  4 fulminant prisms
405 creatures vanquished.

Vanquished Creatures (collateral kills)
  5 yaks (Lair:2)
5 creatures vanquished.

Vanquished Creatures (others)
  198 fulminant prisms
  44 fungi
  103 plants
345 creatures vanquished.

Grand Total: 755 creatures vanquished

Notes
Turn   | Place    | Note
-------+----------+-------------------------------------------
     0 | D:1      | croobank the Octopode Conjurer began the quest for the Orb.
     0 | D:1      | Reached XP level 1. HP: 11/11 MP: 3/3
   221 | D:1      | Reached skill level 3 in Stealth
   221 | D:1      | Reached XP level 2. HP: 17/17 MP: 5/5
   339 | D:1      | Learned a level 2 spell: Searing Ray
  1435 | D:1      | Reached XP level 3. HP: 22/22 MP: 3/6
  1439 | D:1      | Learned a level 3 spell: Dazzling Flash
  1604 | D:1      | You fall into a shaft and drop 1 floor!
  1896 | D:2      | Identified the +0 robe of the Evening {Int+5}
  2159 | D:1      | Found a faded altar of an unknown god.
  2775 | D:3      | Reached skill level 1 in Fighting
  2826 | D:3      | Noticed a necrophage
  2831 | D:3      | Killed a necrophage
  2832 | D:3      | Reached skill level 1 in Hexes
  2832 | D:3      | Reached XP level 4. HP: 28/28 MP: 0/7
  2904 | D:3      | Found a sacrificial altar of Ru.
  3004 | D:3      | Found a large runed translucent door.
  3012 | D:3      | Found a large runed translucent door.
  3237 | D:3      | Reached XP level 5. HP: 26/33 MP: 2/9
  3541 | D:4      | Reached skill level 4 in Stealth
  3555 | D:4      | Noticed a kobold brigand
  3561 | D:4      | Killed a kobold brigand
  3588 | D:3      | Reached XP level 6. HP: 25/39 MP: 5/10
  3722 | D:4      | Identified a scroll of acquirement
  3722 | D:4      | Acquired the amulet of Vitality {RegenMP++ Regen++}
  3722 | D:4      | Found the amulet of Vitality {RegenMP++ Regen++}
  3798 | D:4      | Found a glowing drain.
  3868 | Sewer    | Entered a sewer
  3892 | Sewer    | Noticed Pargi
  3939 | Sewer    | Killed Pargi
  4240 | D:4      | Reached skill level 5 in Stealth
  4240 | D:4      | Reached XP level 7. HP: 42/45 MP: 10/12
  4444 | D:4      | Found a sparkling altar of Nemelex Xobeh.
  4504 | D:5      | Entered Level 5 of the Dungeon
  4510 | D:5      | Found a white marble altar of Elyvilon.
  4525 | D:5      | Reached skill level 5 in Conjurations
  4533 | D:5      | Learned a level 4 spell: Fulminant Prism
  4684 | D:5      | Reached skill level 6 in Stealth
  4684 | D:5      | Reached XP level 8. HP: 46/52 MP: 13/13
  4823 | D:5      | Found a shimmering altar of Xom.
  4855 | D:5      | Found Baciej's Weapon Emporium.
  5229 | D:6      | Noticed a cyclops
  5248 | D:6      | Killed a cyclops
  5323 | D:6      | Reached skill level 7 in Stealth
  5323 | D:6      | Reached XP level 9. HP: 52/58 MP: 6/15
  5419 | D:6      | Reached skill level 5 in Dodging
  5435 | D:6      | Found a staircase to the Ecumenical Temple.
  5459 | Temple   | Entered the Ecumenical Temple
  5488 | Temple   | Became a worshipper of Gozag Ym Sagoz the Greedy
  6127 | D:6      | Reached skill level 1 in Polearms
  6434 | D:6      | Learned a level 4 spell: Iskenderun's Mystic Blast
  6443 | D:6      | Reached skill level 5 in Spellcasting
  6600 | D:7      | Found a shadowy altar of Dithmenos.
  6665 | D:7      | Reached skill level 5 in Fighting
  6665 | D:7      | Reached skill level 8 in Stealth
  6671 | D:7      | Reached skill level 1 in Translocations
  6686 | D:7      | Found Sewolu's Assorted Antiques.
  6696 | D:7      | Found a runed translucent door.
  6697 | D:7      | Found a shimmering altar of Xom.
  6697 | D:7      | Noticed booth's ghost (novice DsEn)
  6699 | D:7      | Noticed a +1 hand axe of chaos
  6756 | D:7      | Found a basalt altar of Yredelemnul.
  6798 | D:7      | Reached skill level 5 in Hexes
  6816 | D:7      | Found a runed translucent door.
  6817 | D:7      | Noticed Crazy Yiuf
  7288 | D:7      | Bought a runed tourmaline ring for 115 gold pieces
  7288 | D:7      | Bought a golden ring for 115 gold pieces
  7288 | D:7      | Bought a scroll labelled VEEMAMMONO for 23 gold pieces
  7288 | D:7      | Bought a scroll labelled QEFIYRH ENAUP for 23 gold pieces
  7600 | D:8      | Noticed Grum
  7606 | D:8      | Reached XP level 10. HP: 63/66 MP: 13/18
  7761 | D:8      | Noticed Joseph
  7774 | D:8      | Killed Joseph
  7810 | D:8      | Killed Grum
  7821 | D:8      | Reached skill level 9 in Stealth
  8094 | D:8      | Found a broken altar of Ashenzari.
  8749 | D:9      | Noticed a death yak
  8758 | D:9      | Noticed a death yak
  8759 | D:9      | Noticed a death yak
  8770 | D:8      | Killed a death yak
  9108 | D:9      | Killed a death yak
  9133 | D:9      | Killed a death yak
  9134 | D:9      | Reached skill level 10 in Stealth
  9134 | D:9      | Reached XP level 11. HP: 74/74 MP: 3/20
  9180 | D:9      | Learned a level 3 spell: Tukima's Dance
  9553 | D:9      | Found a staircase to the Lair.
  9817 | D:10     | Entered Level 10 of the Dungeon
  9849 | D:10     | Reached skill level 5 in Polearms
  9859 | D:10     | Noticed a two-headed ogre
  9914 | D:10     | Killed a two-headed ogre
  9932 | D:10     | Noticed Gastronok
  9962 | D:10     | Killed Gastronok
 10471 | D:10     | Noticed a two-headed ogre
 10481 | D:10     | Killed a two-headed ogre
 10549 | D:10     | Found a shimmering blue altar of Sif Muna.
 10631 | D:10     | Found a hide-covered altar of Uskayaw.
 10675 | D:10     | Identified the +3 leather armour "Xeed Beg" {rElec rC+}
 10748 | D:10     | Noticed Josephine
 11093 | D:9      | Reached skill level 11 in Stealth
 11126 | D:10     | Killed Josephine
 11560 | D:11     | Noticed Psyche
 11565 | D:11     | Killed Psyche
 11586 | D:10     | Reached XP level 12. HP: 74/81 MP: 14/22
 11639 | D:11     | Found Zaem's Jewellery Boutique.
 11788 | Lair:1   | Entered Level 1 of the Lair of Beasts
 11802 | Lair:1   | Noticed Erica
 11804 | Lair:1   | Noticed a catoblepas
 11810 | Lair:1   | Noticed a death yak
 11810 | Lair:1   | Noticed a death yak
 11813 | Lair:1   | Noticed a death yak
 11825 | Lair:1   | Killed Erica
 11847 | Lair:1   | Noticed a death yak
 11857 | Lair:1   | Killed a death yak
 12090 | Lair:1   | Noticed a six-headed hydra
 12104 | Lair:1   | Killed a six-headed hydra
 12107 | Lair:1   | Killed a catoblepas
 12223 | Lair:1   | Noticed Nergalle
 12236 | Lair:1   | Killed Nergalle
 12237 | Lair:1   | Reached skill level 12 in Stealth
 12324 | Lair:1   | Noticed a death yak
 12329 | Lair:1   | Noticed a death yak
 12352 | Lair:1   | Killed a death yak
 12354 | Lair:1   | Killed a death yak
 12458 | Lair:1   | Killed a death yak
 12465 | Lair:1   | Killed a death yak
 12484 | Lair:1   | Killed a death yak
 13094 | Lair:2   | Noticed a seven-headed hydra
 13107 | Lair:2   | Killed a seven-headed hydra
 13123 | Lair:2   | Reached skill level 5 in Translocations
 13303 | Lair:2   | Noticed an eight-headed hydra
 13311 | Lair:2   | Reached XP level 13. HP: 85/89 MP: 11/25
 13422 | Lair:2   | Reached skill level 10 in Conjurations
 13467 | Lair:2   | Reached skill level 13 in Stealth
 13575 | Lair:2   | Found a staircase to the Snake Pit.
 13749 | Lair:2   | Found a runed translucent door.
 13750 | Lair:2   | Noticed Visas's ghost (journeyman VSFi)
 13762 | Lair:2   | Identified the +4 morningstar of Emnubisa {venom, Int+4}
 13768 | Lair:2   | Identified the +4 trident of Fasa {flame, Dex+4}
 14195 | Lair:3   | Found a staircase to the Shoals.
 15769 | Lair:4   | Reached skill level 10 in Dodging
 15859 | Lair:4   | Noticed Kirke
 15981 | Lair:4   | Killed Kirke
 15998 | Lair:4   | Reached skill level 14 in Stealth
 16029 | Lair:4   | Reached XP level 14. HP: 97/98 MP: 14/27
 16077 | Lair:4   | Found a gate leading to a gauntlet.
 16078 | Lair:4   | You fall into a shaft and drop 1 floor!
 16078 | Lair:5   | Entered Level 5 of the Lair of Beasts
 16192 | Gauntlet | Entered a Gauntlet
 16192 | Gauntlet | Found a transporter.
 16199 | Gauntlet | Found a transporter.
 16201 | Gauntlet | Found a transporter.
 16210 | Gauntlet | Found a transporter.
 16212 | Gauntlet | Found a transporter.
 16227 | Gauntlet | Found a transporter.
 16235 | Gauntlet | Found a runed translucent door.
 16239 | Gauntlet | Found a transporter.
 16248 | Gauntlet | Found a transporter.
 16257 | Gauntlet | Noticed an entropy weaver
 16258 | Gauntlet | Found a transporter.
 16262 | Gauntlet | Found a transporter.
 16264 | Gauntlet | Found a transporter.
 16283 | Gauntlet | Found a transporter.
 16292 | Gauntlet | Found a transporter.
 16379 | Gauntlet | Found a transporter.
 16793 | Lair:4   | Reached skill level 10 in Fighting
 18020 | Lair:5   | Mangled by a sea snake

Illustrated notes

Levels and vault maps discovered:
D:1:      heliophobic_arrival_battle_scene, layout_loops_ring,
          shapermc_ecumenical_altar_petra
D:2:      layout_basic
D:3:      layout_loops_ring, nicolae_ru_awakened_eye, jmf_multi_god_temple2
D:4:      layout_rooms, nemelex_dance_club_becter, portal_sewer_entry_a,
          nicolae_wormholes
D:5:      layout_rooms, overflow_temple_1_default, lemuel_tele_altar,
          serial_shops, nicolae_shop_bloodbath_and_beyond, corner_web_ring
D:6:      layout_basic, minmay_temple_entry_offerings, grunt_decor_junction,
          chequers_serial_rivers_small_3
D:7:      layout_basic, grunt_dithmenos_shadows, general_overflow_altar,
          ebering_ghost_xom, serial_shops, nicolae_inconvenience_store,
          minmay_misc_feat_rugged, uniq_crazy_yiuf_cottage
D:8:      layout_basic, cheibrodos_ashenzari_chains, uniq_joseph, uniq_grum
D:9:      layout_irregular_city, dpeg_lair_monsters, st_stairs_12
D:10:     layout_irregular_city, lemuel_coloured_pillars_altar, led_sif_pool,
          hangedman_decor_opposing, uniq_gastronok, uniq_josephine
D:11:     wad_crossroads, layout_gridville, orc_david_3, serial_shops,
          nicolae_shop_hallway_stairs, uniq_urug, uniq_psyche
Temple:   hellmonk_temple_of_storms
Lair:1:   layout_long_grid, uniq_erica, uniq_nergalle
Lair:2:   layout_big_grid, minmay_snake_entry_six_corridors,
          ebering_ghost_funeral_grove
Lair:3:   layout_long_grid, minmay_shoals_entry_hut,
          grunt_forest_large_clearings, serial_bayou_shore_b, grunt_megastairs_5
Lair:4:   layout_cave_pods, gauntlet_entry_generic,
          chequers_serial_rivers_micro_d, lemuel_old_faithful,
          serial_bayou_shore_a, infiniplex_staircase_pool_2, grunt_megastairs_1,
          uniq_kirke
Lair:5:   gammafunk_lair_ancient_temple, layout_loops_ring, slime_entry_1,
          serial_rivers, chequers_serial_rivers_room_b,
          chequers_serial_rivers_small_b, chequers_serial_rivers_micro_e,
          chequers_serial_rivers_micro_e, chequers_serial_rivers_room_a

Skill      XL: |  1  2  3  4  5  6  7  8  9 10 11 12 13 14 |
---------------+-------------------------------------------+-----
Stealth        | 3 4 5 6 7 8 10 11 12 14 | 14.6
Fighting       | 1 2 3 4 5 6 7 8 9 10 | 10.2
Hexes          | 1 2 3 4 5 |  5.0
Dodging        | 3 4 5 7 8 9 10 | 10.5
Spellcasting   | 3 4 5 6 7 8 9 |  9.6
Conjurations   | 5 6 7 8 9 10 11 | 11.1
Polearms       | 2 4 6 7 8 9 |  9.4
Translocations | 1 3 4 5 6 |  6.3

Action                   |  1- 3 |  4- 6 |  7- 9 | 10-12 | 13-15 || total
-------------------------+-------+-------+-------+-------+-------++-------
Melee: Unarmed           |    12 |       |       |       |     3 ||    15
       Constrict         |     6 |    12 |    16 |     3 |    10 ||    47
       Tentacles         |     3 |     7 |    19 |    11 |    24 ||    64
       Dagger            |    21 |       |       |       |       ||    21
       Punch             |     1 |       |     4 |     1 |     1 ||     7
       Short sword       |       |    92 |    80 |    19 |       ||   191
       Trident           |       |       |     4 |    18 |    77 ||    99
Throw: Javelin           |       |     2 |       |     2 |       ||     4
 Cast: Magic Dart        |    16 |     3 |    20 |    56 |    51 ||   146
       Searing Ray       |    22 |     5 |    41 |    92 |   101 ||   261
       Dazzling Flash    |       |     1 |     2 |     4 |       ||     7
       Fulminant Prism   |       |       |    18 |   111 |    73 ||   202
       Iskenderun's Myst |       |       |     5 |    42 |    86 ||   133
Invok: Potion Petition   |       |       |       |       |     1 ||     1
Evoke: Wand              |       |     2 |       |     1 |     9 ||    12
  Use: Scroll            |     5 |     5 |     6 |     7 |     8 ||    31
       Potion            |       |     6 |       |     5 |     3 ||    14
 Stab: Sleeping          |     8 |     6 |     9 |     3 |       ||    26
       Petrified         |       |       |       |     5 |       ||     5
       Petrifying        |       |       |       |     1 |       ||     1
       Distracted        |       |       |       |       |     3 ||     3
Armor: Skin              |     2 |    59 |    19 |     8 |    27 ||   115
Dodge: Dodged            |    21 |    76 |   106 |   175 |   353 ||   731
